Map: Newkirk Precinct TE (Void)

Players

MaNa - Winner!

  • Race: Protoss Protoss
  • Spawn Location: 7:00

BuCee

  • Race: Terran Terran
  • Spawn Location: 5:00

Event: WCS Austin 2017

VOD

Have the link to the VOD?

Description

Time

  • Played on: April 28, 2017, 1:37 p.m.
  • Length: 12:14

All games in this series

Show
View Real Time Build Order
Export as new Build Order

MaNa Protoss - Winner!

Build Orders: Oracle Opening, Phoenix Opening 

Get SALT Encoding   

  12  0:01  Probe (Chrono Boost)  
  13  0:12  Probe (Chrono Boost)  
  14  0:17  Pylon  
  14  0:22  Probe (Chrono Boost)  
  15  0:36  Probe (Chrono Boost)  
  15  0:38  Gateway  
  16  0:46  Probe (Chrono Boost)  
  16  0:47  Assimilator  
  18  0:57  Probe (Chrono Boost)  
  18  0:58  Assimilator  
  18  1:07  Probe (Chrono Boost)  
  19  1:18  Probe (Chrono Boost)  
  20  1:26  Cybernetics Core  
  20  1:28  Probe (Chrono Boost)  
  20  1:31  Pylon  
  21  1:39  Probe (Chrono Boost)  
  22  1:49  Probe (Chrono Boost)  
  23  1:57  Nexus  
  23  2:04  Stargate  
  23  2:07  Adept  
  25  2:16  Probe (Chrono Boost)  
  25  2:17  Warp Gate  
  25  2:28  Probe (Chrono Boost)  
  26  2:33  Pylon  
  26  2:34  Adept  
  28  2:38  Probe (Chrono Boost)  
  29  2:49  Oracle  
  29  2:50  Probe (Chrono Boost)  
  33  3:01  Probe (Chrono Boost)  
  34  3:06  Adept  
  34  3:09  Probe (Chrono Boost)  
  37  3:13  Probe (Chrono Boost)  
  39  3:20  Probe (Chrono Boost)  
  39  3:27  Mothership Core (Chrono Boost)  
  41  3:30  Probe (Chrono Boost), Pylon  
  42  3:41  Probe (Chrono Boost)  
  43  3:45  Probe (Chrono Boost)  
  44  3:51  Probe (Chrono Boost)  
  44  3:53  Nexus  
  46  3:55  Probe (Chrono Boost)  
  46  3:57  Phoenix  
  46  4:02  Probe (Chrono Boost)  
  49  4:06  Probe (Chrono Boost)  
  50  4:15  Twilight Council  
  50  4:16  Forge  
  52  4:17  Probe x2 (Chrono Boost)  
  52  4:22  Phoenix  
  54  4:32  Gateway  
  54  4:34  Gateway  
  54  4:36  Probe (Chrono Boost)  
  54  4:37  Probe (Chrono Boost)  
  56  4:39  Resonating Glaives  
  56  4:47  Phoenix  
  56  4:49  Probe (Chrono Boost)  
  59  4:55  Assimilator  
  59  4:56  Assimilator  
  59  4:58  Pylon  
  60  5:07  Probe (Chrono Boost)  
  60  5:08  Probe (Chrono Boost)  
  60  5:09  Probe (Chrono Boost)  
  60  5:12  Phoenix  
  64  5:15  Adept  
  66  5:28  Probe (Chrono Boost)  
  68  5:29  Probe (Chrono Boost)  
  68  5:31  Pylon  
  68  5:33  Protoss Ground Weapons Level 1  
  68  5:35  Adept x3  
  74  5:39  Phoenix  
  74  5:42  Probe (Chrono Boost)  
  78  5:43  Probe (Chrono Boost)  
  78  5:47  Pylon  
  77  5:57  Probe (Chrono Boost)  
  77  6:01  Phoenix  
  79  6:04  Probe x2 (Chrono Boost)  
  83  6:11  Robotics Facility  
  83  6:12  Mothership Core (Chrono Boost)  
  83  6:16  Probe x2 (Chrono Boost)  
  85  6:19  Pylon  
  85  6:22  Gateway  
  85  6:24  Gateway, Phoenix  
  85  6:28  Probe x2 (Chrono Boost)  
  85  6:30  Probe (Chrono Boost)  
  85  6:31  Gateway  
  90  6:37  Pylon  
  90  6:43  Gateway  
  90  6:44  Gateway  
  90  6:46  Gateway  
  90  6:48  Probe (Chrono Boost), Phoenix  
  90  6:50  Probe x2 (Chrono Boost)  
  95  6:56  Pylon  
  95  7:01  Pylon  
  95  7:04  Observer  
  95  7:06  Robotics Bay  
  95  7:07  Probe (Chrono Boost)  
  98  7:08  Assimilator  
  98  7:09  Probe (Chrono Boost)  
  98  7:11  Assimilator  
  98  7:16  Photon Cannon  
  98  7:20  Sentry, Adept x2  
  98  7:22  Phoenix  
  104  7:26  Protoss Ground Armor Level 1  
  106  7:33  Adept  
  106  7:34  Adept  
  110  7:43  Adept x4  
  118  7:49  Adept x2  
  118  8:05  Stalker  
  118  8:06  Stalker x5  
  118  8:08  Probe (Chrono Boost)  
  118  8:10  Probe x2 (Chrono Boost)  
  133  8:19  Blink  
  133  8:20  Pylon x2  
  133  8:30  Colossus  
  133  8:35  Extended Thermal Lance  
  133  8:37  Pylon  
  133  8:38  Pylon  
  133  8:39  Pylon  
  139  9:09  Stalker  
  141  9:10  Stalker x8  
  141  9:13  Protoss Ground Weapons Level 2  
  157  9:19  Nexus  
  157  9:21  Colossus  
  157  9:26  Forge  
  156  9:49  Protoss Ground Armor Level 2  
  150  10:08  Nexus  
  150  10:11  Probe x3 (Chrono Boost)  
  150  10:12  Pylon  
  150  10:13  Pylon  
  151  10:15  Robotics Facility  
  151  10:18  Colossus  
  157  10:39  Stalker x9  
  175  10:47  Pylon  
  175  10:54  Pylon  
  175  11:01  Assimilator  
  173  11:06  Assimilator  
  173  11:19  Zealot x7  
  173  11:20  Zealot  
  173  11:23  Zealot  
  191  11:26  Pylon  
  189  11:59  Stalker x7  
  189  12:00  Stalker  
Show
View Real Time Build Order
Export as new Build Order

BuCee Terran 

Build Orders: Reaper Expand, MMM Bio 

Get SALT Encoding   

  12  0:01  SCV  
  13  0:13  SCV  
  14  0:18  Supply Depot  
  14  0:25  SCV  
  15  0:40  SCV  
  16  0:43  Barracks  
  16  0:47  Refinery  
  16  0:52  SCV  
  17  1:04  SCV  
  18  1:16  SCV  
  19  1:29  Orbital Command  
  19  1:30  Reaper  
  20  1:51  Command Center  
  20  1:55  SCV  
  21  2:09  SCV  
  21  2:10  Barracks Reactor  
  21  2:11  Barracks  
  22  2:21  SCV  
  23  2:24  Supply Depot, Refinery  
  23  2:40  Factory  
  23  2:45  SCV  
  23  2:47  Marine  
  23  2:48  Marine  
  26  2:58  Barracks Tech Lab, SCV  
  27  3:06  Orbital Command  
  27  3:07  Marine x2  
  29  3:14  SCV  
  29  3:18  Marine, Stimpack  
  31  3:26  SCV  
  32  3:28  Starport  
  32  3:32  SCV  
  33  3:37  Marine x2  
  33  3:38  SCV  
  33  3:39  Marine  
  36  3:41  Factory Reactor  
  36  3:47  SCV  
  37  3:52  SCV  
  38  3:56  Marine  
  38  3:57  Marine  
  37  4:03  SCV  
  37  4:06  SCV  
  37  4:08  Marine  
  38  4:15  Marine x2  
  40  4:20  SCV x2  
  42  4:25  Medivac x2  
  42  4:27  Factory Reactor  
  46  4:36  Supply Depot  
  46  4:40  Marine x2  
  46  4:41  Marine, SCV x2  
  48  4:53  SCV  
  48  4:55  Barracks x2  
  48  4:57  SCV  
  48  4:58  Marine  
  51  5:04  Supply Depot x2  
  51  5:05  SCV  
  52  5:09  SCV  
  53  5:19  Marine x2, SCV  
  56  5:22  Engineering Bay, Marine  
  56  5:23  Widow Mine  
  56  5:27  SCV  
  60  5:31  Medivac  
  62  5:39  SCV  
  62  5:41  Marine x2  
  66  5:43  Barracks Reactor x2  
  66  5:46  SCV  
  57  6:01  Marine x2, SCV x2  
  57  6:02  Widow Mine x2  
  56  6:07  Missile Turret  
  56  6:10  Marine  
  57  6:11  Missile Turret  
  57  6:19  Marine  
  57  6:20  Terran Infantry Weapons Level 1  
  57  6:21  SCV x2  
  57  6:25  Marine x3  
  61  6:26  Marine x2  
  61  6:30  Widow Mine  
  61  6:31  Widow Mine  
  69  6:39  Marine x2  
  71  6:44  Barracks, Marine x3  
  71  6:45  Marine x2  
  76  6:50  Medivac x2  
  80  6:57  Marine x2  
  80  7:00  Combat Shields  
  82  7:02  Marine x3  
  82  7:03  SCV  
  82  7:06  Marine  
  82  7:08  SCV  
  88  7:11  Supply Depot  
  88  7:13  Supply Depot  
  88  7:20  Marine  
  89  7:22  Marine  
  89  7:23  Marine  
  91  7:36  Marine x3  
  93  7:38  Barracks Tech Lab  
  93  7:40  Marine  
  93  7:46  Marine x2  
  93  7:47  Starport, SCV x2  
  93  7:48  Starport  
  76  7:59  Marine x3  
  76  8:03  Widow Mine x2, Marine x4  
  76  8:04  Medivac  
  85  8:09  Marine  
  86  8:15  Medivac  
  86  8:18  SCV x2  
  90  8:22  Command Center  
  90  8:26  Starport Tech Lab  
  90  8:28  Starport Reactor  
  90  8:34  Medivac, SCV  
  91  8:35  SCV  
  91  8:36  Marine x2  
  91  8:37  Refinery x2  
  91  8:39  Marine x2  
  98  8:42  Liberator  
  98  8:45  Supply Depot x2  
  98  8:46  SCV  
  99  8:49  Marine x2  
  99  8:50  Marauder  
  103  8:56  Marine x3  
  109  9:06  Marine x2  
  111  9:15  Marine x3  
  111  9:16  Marine  
  115  9:21  Supply Depot  
  115  9:24  Supply Depot  
  115  9:33  Liberator x2  
  115  9:34  Liberator  
  98  9:49  Marine x3  
  98  9:50  Marauder x2  
  100  9:53  Orbital Command  
  85  10:03  Liberator x2  
  85  10:05  Marine  
  85  10:06  Marine x2  
  87  10:07  Marine x3  
  87  10:11  Marauder, Marine  
  87  10:13  SCV x2  
  95  10:20  Liberator  
  101  10:23  Marine x2  
  100  10:29  Marine  
  100  10:30  Marine x3  
  104  10:36  Marine x2  
  109  10:43  SCV x2  
  109  10:44  Medivac  
  109  10:47  SCV  
  114  10:52  Marine x2  
  114  10:53  Marine x3  
  114  10:55  SCV  
  114  11:06  SCV x2  
  114  11:11  Marine x3  
  116  11:16  Marine x2  
  116  11:17  Marine  
  122  11:19  Medivac x2  
  122  11:22  SCV  
  122  11:23  SCV  
  122  11:24  Marine x2  
  126  11:32  Marine  
  126  11:33  Marine  
  126  11:35  SCV x2  
  130  11:40  Supply Depot x2  
  130  11:43  Marauder x2  
  130  11:45  Engineering Bay  
  130  11:47  Marine x2  
Tags
 
Add a new tag
Caveats
  • Supply blocks, unpowered buildings, or Contaminate may cause inaccurate times.
  • Supply counts are checked every 10 seconds.